Map: Derelict Watcher TE

Players

Erfeyah - Winner!

  • Race: Terran Terran
  • Spawn Location: 1:00

VOD

Have the link to the VOD?

Description

Time

  • Played on: Nov. 28, 2017, 9:41 a.m.
  • Length: 24:38
Show
View Real Time Build Order
Export as new Build Order

Erfeyah Terran - Winner!

Build Orders:  

Get SALT Encoding   

  12  0:04  SCV  
  12  1:50  SCV  
  12  2:26  Command Center  
  12  4:25  SCV x2  
  12  4:37  SCV x2  
  12  4:41  Command Center  
  12  5:46  SCV x2  
  12  5:58  SCV x3  
  12  6:10  SCV  
  12  6:34  Supply Depot  
  12  6:52  Supply Depot  
  12  6:53  SCV x2  
  12  6:54  SCV  
  12  6:57  Supply Depot  
  12  7:05  SCV  
  12  7:06  SCV  
  12  7:12  Barracks  
  12  7:20  Supply Depot  
  12  7:23  Supply Depot  
  12  7:26  Supply Depot  
  12  7:28  Supply Depot  
  12  7:42  SCV x3  
  12  7:54  SCV x3  
  12  8:00  Barracks  
  12  8:24  Command Center  
  12  8:48  Barracks  
  12  11:49  SCV x4  
  12  12:01  SCV x2  
  12  12:04  Marine x3  
  12  12:15  Refinery  
  12  12:21  Marine  
  12  12:22  Marine x2  
  12  12:39  Marine x2  
  12  12:40  Marine  
  12  12:57  Marine x3  
  12  13:07  SCV x3  
  12  13:15  Marine x3  
  12  13:25  Factory  
  12  13:33  Marine x3  
  12  13:51  Barracks Tech Lab  
  12  13:53  Barracks Tech Lab x2  
  12  13:56  SCV  
  12  13:57  SCV x2  
  12  14:15  Marine x2  
  12  14:16  Marine  
  12  14:21  SCV x4  
  12  14:33  SCV x4, Marine x3  
  12  14:45  SCV x4  
  12  14:51  Marauder x2  
  12  14:52  Marauder  
  12  14:53  Refinery  
  12  14:57  SCV x4, Refinery  
  12  15:09  SCV x3  
  12  15:10  SCV  
  12  15:12  Marine x2  
  12  15:13  Marine  
  12  15:21  SCV x3  
  12  15:22  SCV  
  12  15:30  Marine x2  
  12  15:31  Marauder  
  12  15:37  Starport  
  12  15:48  Marauder x2  
  12  15:52  Marauder  
  12  16:02  Starport  
  12  16:04  Starport  
  12  16:18  Marine x2  
  12  16:49  Supply Depot  
  12  17:02  Supply Depot  
  12  17:10  SCV x2, Medivac x2, Marine x2  
  12  17:12  Supply Depot  
  12  17:14  Refinery  
  12  17:17  Refinery  
  12  17:23  SCV, Medivac, Marine  
  12  17:24  Supply Depot  
  12  17:28  Marine x2  
  12  17:35  Supply Depot  
  12  17:40  Medivac  
  12  17:41  Marine  
  12  17:46  Marine x2, Supply Depot  
  12  17:50  Viking  
  12  17:53  Medivac  
  12  17:57  Supply Depot  
  12  17:59  Marine  
  12  18:03  Marine x2  
  12  18:09  Supply Depot  
  12  18:10  Viking  
  12  18:17  Marine  
  12  18:20  Supply Depot, Viking  
  12  18:21  Marine x2  
  12  18:23  Viking  
  12  18:32  Supply Depot  
  12  18:34  Marine  
  12  18:39  Marine  
  12  18:40  Viking  
  12  18:44  Supply Depot  
  12  18:50  Viking  
  12  18:53  Viking  
  12  18:56  Supply Depot  
  12  19:07  Supply Depot  
  12  19:10  Viking  
  12  19:19  Supply Depot  
  12  19:32  Supply Depot  
  12  19:42  Supply Depot  
  12  20:20  Marine, Marauder x2  
  12  20:23  Viking x3  
  12  20:38  Marine  
  12  20:41  Marine x2  
  12  20:53  Viking x3  
  12  20:56  Marine  
  12  20:58  Marine  
  12  20:59  Marine  
  12  21:14  Marine  
  12  21:16  Marine x2  
  12  21:23  Viking x3  
  12  21:31  Marine  
  12  21:53  Viking x3  
Tags
 
Add a new tag
Caveats
  • Supply blocks, unpowered buildings, or Contaminate may cause inaccurate times.
  • Supply counts are checked every 10 seconds.